 Dungeon Crawl Stone Soup version 0.31-a0-740-g87205ac768 (webtiles) character file.

Game seed: 12999510500582091150

49 GigaChad the Shield-Bearer (level 4, -7/37 HPs)
             Began as a Formicid Fighter on Sept 12, 2023.
             Mangled by a worm (9 damage)
             ... on level 2 of the Dungeon.
             The game lasted 00:01:19 (1207 turns).

GigaChad the Shield-Bearer (Formicid Fighter)       Turns: 1207, Time: 00:01:19

Health: -7/37      AC:  7    Str: 22    XL:     4   Next: 2%
Magic:  4/4        EV:  9    Int:  8    God:
Gold:   57         SH:  5    Dex: 13    Spells: 3/3 levels left

rFire   . . .        a - +0 war axe
rCold   . . .        c - +0 buckler
rNeg    . . .        b - +0 scale mail
rPois   .            (helmet unavailable)
rElec   .            (no cloak)
rCorr   .            (no gloves)
SInv    +            (no boots)
Will    .....        (no amulet) Stlth
                     (no ring)
HPRegen 0.26/turn    (no ring)
MPRegen 0.09/turn

%: no passive effects
@: no status effects
A: permanent stasis, dig shafts and tunnels, antennae 3, four strong arms
a: Dig, Shaft Self


You were on level 2 of the Dungeon.
You visited 1 branch of the dungeon, and saw 2 of its levels.

You collected 57 gold pieces.

Inventory:

Hand Weapons
 a - a +0 war axe (weapon)
Armour
 b - a +0 scale mail (worn)
 c - a +0 buckler (worn)
 f - a +0 plate armour
Scrolls
 h - a scroll of teleportation {unknown}
 i - a scroll of vulnerability {unknown}
Potions
 d - a potion of might
 e - a potion of curing {unknown}
 g - a potion of enlightenment {unknown}


   Skills:
 * Level 3.7 Fighting
 * Level 2.8 Axes
 * Level 3.7 Armour
 * Level 4.5 Shields


You had 3 spell levels left.
You didn't know any spells.
Your spell library contained the following spells:

 Spells                   Type           Power      Damage    Failure   Level
 Apportation              Tloc           0%         N/A       80%         1
 Necrotise                Necr           0%         1d4       80%         1
 Summon Small Mammal      Summ           0%         N/A       80%         1


Dungeon Overview and Level Annotations

Branches:
Dungeon (2/15)

Altars:


Innate Abilities, Weirdness & Mutations

You cannot be hasted, slowed, berserked, paralysed or teleported.
You can dig through walls and to a lower floor.
You have a pair of large antennae on your head. (SInv)
Your four strong arms can wield two-handed weapons with a shield.


Message History

The kobold closely misses you. The hobgoblin hits you.
Unknown command.
You hit the hobgoblin but do no damage.
The hobgoblin is severely wounded.
You hit the worm. You barely miss the kobold.
The kobold hits you with a +0 short sword.
The hobgoblin hits you.
* * * LOW HITPOINT WARNING * * *
The worm bites you but does no damage.
You hit the hobgoblin but do no damage.
The hobgoblin is severely wounded.
You hit the worm. You hit the kobold but do no damage. The kobold misses you.
You block the hobgoblin's attack. The worm bites you.
* * * LOW HITPOINT WARNING * * *
The kobold hits you with a +0 short sword.
* * * LOW HITPOINT WARNING * * *
You block the hobgoblin's attack.
Unknown command.
You slash the hobgoblin!
You kill the hobgoblin!
You hit the worm. You barely miss the kobold.
The kobold hits you but does no damage. The worm bites you.
* * * LOW HITPOINT WARNING * * *
You have reached level 4!
You feel clever. You block the kobold's attack.
You closely miss the kobold. You hit the worm.
The kobold hits you with a +0 short sword.
* * * LOW HITPOINT WARNING * * *
The worm closely misses you.
Unknown command.
You hit the kobold.
You kill the kobold!
You barely miss the worm. The worm bites you.
* * * LOW HITPOINT WARNING * * *
Items here: ) [ ††.
You completely miss the worm.
The worm is moderately wounded.
The worm bites you!
You die...

........#
#†##.##.#
#.##<##.#
#.##.##.#
#<##.##.#
#.......#
#<....$.######..
#.##.##.w....>..
.........@....?..
###.##.##.........
#.......#####...
#.......# ,..
##......# #......#
#......# ..##.##.


You could see a worm.

Vanquished Creatures
  An adder (D:2)
  A worm (D:2)
  3 dart slugs (D:1)
  2 ball pythons (D:1)
  2 endoplasms (D:1)
  A giant cockroach (D:1)
  3 goblins (D:1)
  4 hobgoblins
  4 kobolds
  3 quokkas (D:1)
  A bat (D:1)
  2 frilled lizards (D:2)
  3 rats
30 creatures vanquished.

Notes
Turn   | Place    | Note
-------+----------+-------------------------------------------
     0 | D:1      | GigaChad the Formicid Fighter began the quest for the Orb.
     0 | D:1      | Reached XP level 1. HP: 18/18 MP: 1/1
    92 | D:1      | Reached XP level 2. HP: 14/24 MP: 2/2
   513 | D:1      | Reached XP level 3. HP: 29/29 MP: 3/3
  1203 | D:2      | Reached XP level 4. HP: 7/37 MP: 4/4
  1205 | D:2      | HP: 1/37 [worm (5)]
  1207 | D:2      | Mangled by a worm

Illustrated notes

Levels and vault maps discovered:
D:1:      amcnicky_arrival_wind_blow, layout_loops_ring, serial_forest,
          infiniplex_forest_lined_3, infiniplex_forest_lined_3_way,
          infiniplex_forest_straight_3, infiniplex_forest_corner_1,
          infiniplex_forest_lined_room_2, infiniplex_forest_clump_diagonal,
          infiniplex_forest_end_2
D:2:      minmay_spotlight, layout_loops_cross

Action                     |  1- 3 |  4- 6 || total
---------------------------+-------+-------++-------
  Melee: War axe           |   106 |     3 ||   109
 Armour: Scale mail        |    86 |     3 ||    89
  Dodge: Dodged            |    62 |     1 ||    63
  Block: Buckler           |    26 |     1 ||    27

Table legend: (Time is in decaauts)
 A = Elapsed time spent in this place.
 B = Non-inter-level travel time spent in this place.
 C = Inter-level travel time spent in this place.
 D = Time resting spent in this place.
 E = Time spent auto-exploring this place.
 F = Levels seen in this place.
 G = Mean time per level.
                   A        B        C        D        E       F      G
               +--------+--------+--------+--------+--------+-----+--------+
         Total |   1252 |   1190 |     62 |    240 |    691 |   2 |  626.0 |
       Dungeon |   1252 |   1190 |     62 |    240 |    691 |   2 |  626.0 |
               +--------+--------+--------+--------+--------+-----+--------+

Top non-repeatable levels by time:
     D:1: 1185 daAuts
     D:2: 67 daAuts
